 Dungeon Crawl Stone Soup version 0.17-a0-1-g1f4be75 (webtiles) character file.

1789 hhkb the Martial Artist (level 9, 1/61 HPs)
             Began as an Octopode Transmuter on Mar 14, 2015.
             Was a Believer of Okawaru.
             Quit the game on level 6 of the Dungeon.
             The game lasted 00:37:10 (10040 turns).

hhkb the Martial Artist (Octopode Transmuter)      Turns: 10040, Time: 00:37:11

Health: 1/61       AC:  3    Str:  9    XL:     9   Next: 8%
Magic:  7/14       EV: 18    Int: 18    God:    Okawaru [**....]
Gold:   144        SH:  0    Dex: 15    Spells: 3 memorised, 6 levels left

rFire  . . .     SeeInvis .       - Unarmed
rCold  . . .     Rnd*Rage +     (no shield)
rNeg   . . .     SustAb   .     (helmet restricted)
rPois  .         Gourm    .     (no amulet)
rElec  .         Spirit   .     k - ring of protection from magic {MR+, !d}
rCorr  .         Warding  .     (no ring)
rMut   .         Stasis   .     (no ring)
MR     +....                    (no ring)
Stlth  ++++......               (no ring)
                                (no ring)
                                (no ring)
                                (no ring)

@: lethally poisoned (1 -> -10), exhausted, heroism, very slightly contaminated,
slowed, very slow, somewhat resistant to hostile enchantments, stealthy
A: almost no armour, amphibious, 8 rings, constrict 8, thin metallic scales 1,
camouflage 1, berserk 1, clever 1, spit poison 1, gelatinous body 1
a: Spit Poison, Heroism, Renounce Religion


You were on level 6 of the Dungeon.
You worshipped Okawaru.
Okawaru was pleased with you.
You were not hungry.

You visited 2 branches of the dungeon, and saw 7 of its levels.

You collected 144 gold pieces.

Inventory:

Hand weapons
 r - a +6 blowgun
   (You took it off a kobold on level 5 of the Dungeon)
Missiles
 b - 43 arrows
 g - a throwing net {=f, !d}
 m - 2 curare-tipped needles
 n - 89 stones (quivered)
 p - 68 poisoned needles
Jewellery
 k - a ring of protection from magic (left tentacle) {MR+, !d}
   (You found it on level 2 of the Dungeon)
Magical devices
 i - a wand of paralysis (8)
   (You found it on level 3 of the Dungeon)
 j - a wand of polymorph (8)
   (You found it on level 5 of the Dungeon)
Scrolls
 e - 2 scrolls of remove curse
 q - a scroll of teleportation
Potions
 f - a potion of flight
 h - a potion of magic
Books
 d - a book of Changes
Comestibles
 a - 2 bread rations {@e1}


   Skills:
 - Level 5.0(10.0) Fighting
 - Level 5.2(10.2) Dodging
 + Level 9.3(14.3) Unarmed Combat
 - Level 2.0 Spellcasting
 - Level 2.2 Transmutations
 - Level 1.0 Poison Magic


You had 6 spell levels left.
You knew the following spells:

 Your Spells              Type           Power        Failure   Level  Hunger
a - Beastly Appendage     Trmt           #.....       10%         1    #......
c - Spider Form           Trmt/Pois      #.........   30%         3    ###....
s - Sticks to Snakes      Trmt           #.........   12%         2    ###....


Dungeon Overview and Level Annotations

Branches:
Dungeon (6/15)             Temple (1/1) D:4

Altars:
Cheibriados
Dithmenos
Elyvilon
Fedhas
Gozag
Kikubaaqudgha
Okawaru
Ru
Sif Muna
Trog
Vehumet
Xom
Yredelemnul
Zin

Shops:
D:5 [


Innate Abilities, Weirdness & Mutations

You cannot wear most types of armour.
You are amphibious.
You can wear up to eight rings at the same time.
You can use your tentacles to constrict many enemies at once.
Your skin changes colour to match your surroundings (Stealth).
Your rubbery body absorbs attacks (AC +1).
You are partially covered in thin metallic scales (AC +2).
You tend to lose your temper in combat.
Your mind is acute. (Int +2)
You can spit poison.


Message History

Okay, then.
Drink which item? (? for menu, Esc to quit)
Okay, then.
Unknown command.
Okay, then.
Drink which item? (? for menu, Esc to quit)
Okay, then.
This spell is very dangerous to cast!
Memorise Ice Form, consuming 4 spell levels and leaving 2?
Your memorisation is interrupted.
* * * LOW HITPOINT WARNING * * *
You feel very sick.
You take 3 damage, and have 16/61 hp.
You fail to use your ability.
* * * LOW HITPOINT WARNING * * *
You feel sick.
You take 2 damage, and have 14/61 hp.
You gain the combat prowess of a mighty hero.
You feel slightly more hungry.
* * * LOW HITPOINT WARNING * * *
You feel very sick.
You take 3 damage, and have 11/61 hp.
You now have 5/14 mp.
This spell is very dangerous to cast!
Memorise Ice Form, consuming 4 spell levels and leaving 2?
Your memorisation is interrupted.
* * * LOW HITPOINT WARNING * * *
You feel sick.
You take 2 damage, and have 9/61 hp.
Drink which item? (? for menu, Esc to quit)
Okay, then.
Read which item? (? for menu, Esc to quit)
Okay, then.
Unknown command.
Okay, then.
Unknown command.
Unknown command.
Unknown command.
Unknown command.
Unknown command.
Unknown command.
Unknown command.
Drink which item? (? for menu, Esc to quit)
Really quaff
s - a potion of berserk rage {!q}?
A red film seems to cover your vision as you go berserk!
You feel yourself moving faster!
You feel mighty!
* * * LOW HITPOINT WARNING * * *
You feel sick.
You now have 12/91 hp.
There is a lethal amount of poison in your body!
There is a lethal amount of poison in your body!
There is a lethal amount of poison in your body!
There is a lethal amount of poison in your body!
There is a lethal amount of poison in your body!
There is a lethal amount of poison in your body!
There is a lethal amount of poison in your body!
There is a lethal amount of poison in your body!
There is a lethal amount of poison in your body!
There is a lethal amount of poison in your body!
You are too berserk!
There is a lethal amount of poison in your body!
There is a lethal amount of poison in your body!
You feel a strong urge to attack something.
* * * LOW HITPOINT WARNING * * *
You feel sick.
You take 1 damage, and have 11/91 hp.
* * * LOW HITPOINT WARNING * * *
You feel sick.
You take 1 damage, and have 10/91 hp.
You feel your anger subside.
* * * LOW HITPOINT WARNING * * *
You feel sick.
You take 2 damage, and have 8/91 hp.
You are no longer berserk.
You are exhausted.
You feel yourself slow down.
* * * LOW HITPOINT WARNING * * *
You feel sick.
You now have 5/61 hp.
Drink which item? (? for menu, Esc to quit)
It was a potion of restore abilities.
You feel refreshed.
* * * LOW HITPOINT WARNING * * *
You feel sick.
You take 1 damage, and have 4/61 hp.
Drink which item? (? for menu, Esc to quit)
Okay, then.
Saving game... please wait.
Welcome back, hhkb the Octopode Transmuter.
Okawaru says: Bring me glory in combat!
There is a lethal amount of poison in your body!
* * * LOW HITPOINT WARNING * * *
You feel sick.
Things that are here:
2 chunks of flesh {@w0}; a robe; a dagger You take 2 damage, and have 2/61 hp.
* * * LOW HITPOINT WARNING * * *
You feel sick.
You take 1 damage, and have 1/61 hp.
Saving game... please wait.
Welcome back, hhkb the Octopode Transmuter.
Okawaru says: Bring me glory in combat!

## .# ## . ##. .#
#.## ##.# ##.#
#..###..## ##.#
#...#....## ##..#
#.........###[)<#
#....o.....<..%%#
..o.............@#
...............(.#
.........(........#
.####......##.......
#.....##........
#..........#....#
..<......####...#
#..... # ...# .


There were no monsters in sight!

Vanquished Creatures
  The ghost of asthiss the Basher, an experienced MiBe of Trog (D:5)
  Menkaure (D:5)
  An ice beast (D:5)
  A necrophage (D:4)
  2 phantoms
  An ogre (D:4)
  A big kobold (D:5)
  A water moccasin skeleton (D:4)
  A hound (D:5)
  A centaur zombie (D:5)
  2 centaur skeletons (D:5)
  5 orc priests
  4 orc wizards
  A worker ant (D:3)
  Ijyb (D:5)
  2 gnolls (D:4)
  12 adders
  2 worms (D:2)
  An adder zombie (D:5)
  7 giant geckos
  An ooze (D:3)
  11 orcs
  12 bats
  A bat skeleton (D:5)
  3 bat zombies (D:5)
  6 giant cockroaches
  7 hobgoblins
  A jackal (D:2)
  7 quokkas
  A ball python (D:3)
  4 giant newts
  13 goblins
  29 kobolds
  14 rats
  A plant (D:5)
159 creatures vanquished.

Vanquished Creatures (collateral kills)
  A worm (D:3)
  A hobgoblin (D:2)
2 creatures vanquished.

Grand Total: 161 creatures vanquished

Notes
Turn   | Place    | Note
--------------------------------------------------------------
     0 | D:1      | hhkb, the Octopode Transmuter, began the quest for the Orb.
     0 | D:1      | Reached XP level 1. HP: 13/13 MP: 3/3
   178 | D:1      | Reached XP level 2. HP: 16/18 MP: 4/4
   991 | D:2      | Reached skill level 4 in Unarmed Combat
   995 | D:2      | Learned a level 2 spell: Sticks to Snakes
  1039 | D:2      | Reached XP level 3. HP: 20/23 MP: 4/6
  1295 | D:2      | Found a radiant altar of Vehumet.
  1503 | D:2      | HP: 5/23 [poisoned by an adder]
  1505 | D:2      | HP: 2/23 [poisoned by an adder]
  1507 | D:2      | Gained mutation: You are partially covered in thin metallic scales (AC +2). [potion of mutation]
  1507 | D:2      | Gained mutation: Your mind is acute. (Int +2) [potion of mutation]
  1507 | D:2      | Gained mutation: You tend to lose your temper in combat. [potion of mutation]
  1833 | D:2      | Reached XP level 4. HP: 28/28 MP: 7/7
  1845 | D:2      | Learned a level 3 spell: Spider Form
  1928 | D:2      | Reached skill level 5 in Unarmed Combat
  2745 | D:3      | Reached XP level 5. HP: 33/33 MP: 9/9
  3304 | D:3      | HP: 8/33 [poisoned by a worker ant]
  3309 | D:3      | HP: 5/33 [poisoned by a worker ant]
  3315 | D:3      | HP: 6/49 [poisoned by a worker ant]
  3323 | D:3      | HP: 5/49 [poisoned by a worker ant]
  3630 | D:3      | Reached skill level 6 in Unarmed Combat
  4430 | D:4      | Found a staircase to the Ecumenical Temple.
  4435 | Temple   | Entered the Ecumenical Temple
  4679 | Temple   | Became a worshipper of Warmaster Okawaru
  4794 | D:4      | Reached skill level 1 in Poison Magic
  5247 | D:4      | Reached XP level 6. HP: 34/38 MP: 0/10
  6390 | D:5      | Entered Level 5 of the Dungeon
  6390 | D:5      | Noticed asthiss' ghost (experienced MiBe)
  6431 | D:5      | Noticed Menkaure
  6442 | D:4      | Acquired Okawaru's first power
  6442 | D:4      | Reached skill level 7 in Unarmed Combat
  6454 | D:4      | HP: 6/38 [gnoll/halberd (15)]
  6459 | D:4      | HP: 2/38 [gnoll/halberd (16)]
  7132 | D:4      | Reached XP level 7. HP: 43/43 MP: 8/12
  7187 | D:4      | Reached skill level 8 in Unarmed Combat
  7369 | D:5      | Reached skill level 2 in Fighting
  7724 | D:5      | Killed asthiss' ghost
  7724 | D:5      | Reached skill level 4 in Fighting
  7724 | D:5      | Reached skill level 4 in Dodging
  7724 | D:5      | Reached XP level 8. HP: 20/54 MP: 11/13
  8009 | D:4      | really
  8084 | D:5      | Killed Menkaure
  8118 | D:5      | Noticed Ijyb
  8302 | D:4      | Gained mutation: You can spit poison. [potion of mutation]
  8302 | D:4      | Gained mutation: You occasionally shout uncontrollably at your foes. [potion of mutation]
  8302 | D:4      | Lost mutation: You occasionally shout uncontrollably at your foes. [potion of mutation]
  8362 | D:5      | Found Tiutor's Antique Armour Emporium.
  8469 | D:5      | Reached skill level 5 in Fighting
  8469 | D:5      | Reached skill level 5 in Dodging
  8704 | D:5      | Found a blossoming altar of Fedhas.
  9130 | D:5      | Reached XP level 9. HP: 61/61 MP: 8/14
  9243 | D:5      | Reached skill level 9 in Unarmed Combat
  9580 | D:5      | Killed Ijyb
 10029 | D:6      | HP: 14/61 [poisoned by an orc wizard]
 10034 | D:6      | HP: 10/91 [poisoned by an orc wizard]
 10037 | D:6      | HP: 4/61 [poisoned by an orc wizard]
 10039 | D:6      | HP: 1/61 [poisoned by an orc wizard]
 10040 | D:6      | Quit the game

Action                   |  1- 3 |  4- 6 |  7- 9 || total
-------------------------+-------+-------+-------++-------
Melee: Unarmed           |    73 |   177 |   200 ||   450
 Fire: Blowgun           |       |     2 |     4 ||     6
Throw: Stone             |    19 |    55 |    33 ||   107
       Throwing net      |     7 |     6 |       ||    13
 Cast: Sticks to Snakes  |     1 |     7 |     3 ||    11
       Beastly Appendage |     3 |     4 |       ||     7
       Spider Form       |       |     5 |    15 ||    20
Invok: Heroism           |       |       |     3 ||     3
 Abil: End Transformatio |       |       |     1 ||     1
Evoke: Wand              |       |       |     2 ||     2
  Use: Potion            |     5 |     3 |     3 ||    11
       Scroll            |       |     9 |     6 ||    15
 Stab: Sleeping          |     3 |     1 |     1 ||     5
       Distracted        |       |       |     1 ||     1
  Eat: Chunk             |     3 |    11 |     3 ||    17
       Beef jerky        |       |     1 |       ||     1
       Pizza             |       |     2 |       ||     2
       Meat ration       |       |     1 |       ||     1
       Bread ration      |       |       |     3 ||     3

Vault maps used:
D:1:      dpeg_arrival_refuge, minmay_misc_feat_alley, minmay_misc_feat_doors
D:2:      vehumet_crystals
D:3:      portal_sewer_entry_a, serial_forest, infiniplex_forest_end_2,
          infiniplex_forest_end_1, infiniplex_forest_clump_cross,
          infiniplex_forest_lined_corner, infiniplex_forest_diagonal,
          infiniplex_forest_straight_2, infiniplex_forest_clump_diagonal,
          infiniplex_forest_pool
D:4:      minmay_temple_entry_butterflies
D:5:      kennysheep_kobold_camp, kennysheep_mini_moat, serial_shops,
          kennysheep_mini, first_bread, grunt_ministairs_1, uniq_menkaure,
          uniq_iyjb
D:6:      minmay_overflow_temple_star_hex, nicolae_sextant,
          minmay_misc_feat_columns, uniq_blork_the_orc
Temple:   chambers_temple_12

Table legend:
 A = Turns spent in this place as a percentage of turns spent in the entire game.
 B = Non-inter-level travel turns spent in this place as a percentage of non-inter-level travel turns spent in the entire game.
 C = Inter-level travel turns spent in this place as a percentage of turns spent in this place.
 D = Turns resting spent in this place as a percentage of non-inter-level travel turns spent in this place.
 E = Turns spent auto-exploring this place as a percentage of non-inter-level travel turns spent in this place.
 F = Non-inter-level travel turns spent in this place divided by the number of levels of this place that you've seen.
                   A       B       C       D       E      F
               +-------+-------+-------+-------+-------+----------------------
         Total | 100.0 | 100.0 |   0.9 |   4.7 |   6.0 | 552.3
       Dungeon |  98.6 |  98.7 |   0.9 |   4.7 |   5.6 | 635.8
        Temple |   1.4 |   1.3 |   5.6 |   0.0 |  35.3 |  51.0
               +-------+-------+-------+-------+-------+----------------------

Table legend:
 A = Kills in this place as a percentage of kills in entire the game.
 B = Kills by you in this place as a percentage of kills by you in the entire game.
 C = Kills by friends in this place as a percentage of kills by friends in the entire game.
 D = Other kills in this place as a percentage of other kills in the entire game.
 E = Experience gained in this place as a percentage of experience gained in the entire game.
 F = Experience gained in this place divided by the number of levels of this place that you have seen.
                   A       B       C       D       E      F
               +-------+-------+-------+-------+-------+----------------------
         Total | 100.0 | 100.0 | 100.0 |  -nan | 100.0 | 365.1
       Dungeon | 100.0 | 100.0 | 100.0 |  -nan | 100.0 | 426.0
               +-------+-------+-------+-------+-------+----------------------
